[Event "Botvinnik Cup 2018"]
[Site "Moscow"]
[Date "2018.08.10"]
[Round "2"]
[White "Paichadze, Luka"]
[Black "Allahverdiyeva, Ayan"]
[Result "1-0"]
[ECO "C00"]
[WhiteElo "2564"]
[BlackElo "2046"]
[Annotator "RC"]
[PlyCount "113"]
[EventDate "2018.08.10"]
[EventCountry "RUS"]
[SourceTitle "playchess.com"]
[Source "ChessBase"]
[SourceQuality "1"]
[TimeControl "5400+30"]

1. e4 e6 2. d3 d5 3. Qe2 Ne7 4. g3 c5 5. Nf3 Nbc6 6. Bg2 g6 7. h4 h6 8. O-O Bg7 9. c3 b6 10. e5 a5 11. Re1 Qc7 12. Bf4 Ba6 13. Nbd2 O-O 14. Nf1 b5 15. Qd2 Kh7 16. Ne3 Ng8 17. Ng4 Qe7 18. Kh2 f5 19. exf6 Nxf6 20. Nxf6+ Qxf6 21. Ne5 Nxe5 22. Rxe5 Qf7 23. Rae1 Bxe5 24. Rxe5 b4 25. Qe3 Rae8 26. d4 bxc3 27. bxc3 cxd4 28. cxd4 Bc4 29. Bh3 Bxa2 30. Qa3 Bb1 31. Qxa5 Bf5 32. Bg2 g5 33. hxg5 Qh5+ 34. Kg1 hxg5 35. Bd2 Kg6 36. Qc3 Rb8 37. f3 g4 38. Re1 Rh8 39. fxg4 Qh2+ 40. Kf1 Be4 41. Rxe4 Rb1+ 42. Re1 Rf8+ 43. Bf4 Rxf4+ 44. gxf4 Qxf4+ 45. Bf3 Rxe1+ 46. Kxe1 Qg3+ 47. Kd1 Qg1+ 48. Kd2 Qf2+ 49. Be2 Qf8 50. Qb3 Qd6 51. Qe3 Qb4+ 52. Kc2 Qa4+ 53. Kc1 Qa1+ 54. Kd2 Qa5+ 55. Qc3 Qd8 56. Qg3 Qa5+ 57. Ke3 1-0

[Event "Botvinnik Cup 2018"]
[Site "Moscow"]
[Date "2018.08.10"]
[Round "2"]
[White "Sevdimaliyev, Urfan"]
[Black "Lomaia, Diana"]
[Result "1/2-1/2"]
[ECO "A48"]
[WhiteElo "2388"]
[BlackElo "1851"]
[Annotator "NA"]
[PlyCount "141"]
[EventDate "2018.08.10"]
[EventCountry "RUS"]
[SourceTitle "playchess.com"]
[Source "ChessBase"]
[SourceQuality "1"]
[TimeControl "5400+30"]

1. d4 Nf6 2. Nf3 g6 3. Bg5 Bg7 4. Nbd2 O-O 5. c3 d6 6. e4 h6 7. Bh4 c5 8. dxc5 dxc5 9. Bc4 Nc6 10. Qe2 a6 11. a4 Ng4 12. O-O Nge5 13. Nxe5 Nxe5 14. Bd5 Qc7 15. f4 e6 16. Ba2 Nc6 17. e5 Ne7 18. Ne4 Nf5 19. Bf6 b5 20. Qf2 c4 21. Bb1 Bb7 22. Bc2 Rfb8 23. Rfd1 Bd5 24. Bxg7 Kxg7 25. Nf6 Ne7 26. axb5 axb5 27. Rxa8 Rxa8 28. Qh4 Qb6+ 29. Kh1 Qb7 30. Nxd5 Nxd5 31. Be4 Qa6 32. Bxd5 exd5 33. h3 Qe6 34. Qf2 Ra2 35. Rd2 Qf5 36. Qd4 Kh7 37. Rf2 Qe4 38. Qxe4 dxe4 39. Re2 b4 40. Rxe4 Rxb2 41. Rxc4 bxc3 42. Rxc3 Rb4 43. Rf3 Rb5 44. Kh2 Kg7 45. Re3 h5 46. Kg3 Rb4 47. Kf3 Rb1 48. g4 Rf1+ 49. Kg3 h4+ 50. Kxh4 Rxf4 51. Kg5 Rb4 52. h4 Rb5 53. Kf4 Rb4+ 54. Re4 Rb1 55. Kg5 Rb5 56. Kf4 Rb1 57. Rc4 Rf1+ 58. Kg5 Re1 59. Rc5 Re2 60. Kf4 Rf2+ 61. Ke3 Rh2 62. Rc7 Kg8 63. Kf4 Rxh4 64. Kg5 Rh1 65. e6 fxe6 66. Kxg6 Kf8 67. g5 e5 68. Rc8+ Ke7 69. Kg7 e4 70. Rc4 Ke6 71. Rxe4+ 1/2-1/2

[Event "Botvinnik Cup 2018"]
[Site "Moscow"]
[Date "2018.08.10"]
[Round "2"]
[White "Sevdimaliyev, Urfan"]
[Black "Naqopia, Giorgi"]
[Result "1-0"]
[ECO "D03"]
[WhiteElo "2388"]
[BlackElo "1857"]
[Annotator "NA"]
[PlyCount "55"]
[EventDate "2018.08.10"]
[EventCountry "RUS"]
[SourceTitle "playchess.com"]
[Source "ChessBase"]
[SourceQuality "1"]
[TimeControl "5400+30"]

1. d4 d5 2. Nf3 Nf6 3. Bg5 Nbd7 4. Nbd2 e6 5. e3 Be7 6. Bd3 O-O 7. c3 c5 8. Ne5 Nxe5 9. dxe5 Nd7 10. Bxe7 Qxe7 11. f4 f6 12. exf6 Nxf6 13. Nf3 Bd7 14. O-O Bc6 15. Qe1 Rad8 16. Qh4 g6 17. Ne5 d4 18. cxd4 cxd4 19. e4 Qe8 20. Nxc6 Qxc6 21. Rac1 Qb6 22. b3 Kg7 23. Rf3 Qa5 24. f5 Qe5 25. fxe6 Qxe6 26. Rcf1 Qg4 27. Qf2 Nxe4 28. Bxe4 1-0

[Event "Botvinnik Cup 2018"]
[Site "Moscow"]
[Date "2018.08.10"]
[Round "2"]
[White "Egin, Vladimir"]
[Black "Igen, Amir"]
[Result "1/2-1/2"]
[ECO "C09"]
[WhiteElo "2317"]
[BlackElo "1778"]
[Annotator "NA"]
[PlyCount "140"]
[EventDate "2018.08.10"]
[EventCountry "RUS"]
[SourceTitle "playchess.com"]
[Source "ChessBase"]
[SourceQuality "1"]
[TimeControl "5400+30"]

1. e4 e6 2. d4 d5 3. Nd2 c5 4. exd5 exd5 5. Ngf3 Nc6 6. Bb5 Nf6 7. O-O Be7 8. dxc5 O-O 9. Nb3 Bg4 10. Be2 Ne4 11. Be3 Rc8 12. c3 Qd7 13. Ne1 Be6 14. f3 Nf6 15. Qd2 Ne5 16. Bd4 Nc4 17. Qc2 Qc7 18. Nd3 Nd7 19. Rfe1 Bh4 20. Rf1 Bg5 21. f4 Bf6 22. f5 Bxf5 23. Rxf5 Bxd4+ 24. Nxd4 Ne3 25. Qd2 Nxf5 26. Nxf5 Nxc5 27. Nxc5 Qxc5+ 28. Kh1 h6 29. Qf4 Rc6 30. Qe5 Rf6 31. Bd3 Kh8 32. Rf1 Qc6 33. Re1 Qc8 34. h3 Qb8 35. Qd4 Re8 36. Rxe8+ Qxe8 37. Qxd5 Re6 38. Qd4 Re1+ 39. Kh2 Qb8+ 40. g3 Qe5 41. Qd8+ Qe8 42. Qxe8+ Rxe8 43. Kg2 g6 44. Nxh6 f5 45. Nf7+ Kg7 46. Ng5 Kf6 47. h4 Rd8 48. Bc4 Rd2+ 49. Kf3 Rxb2 50. Bb3 a5 51. c4 Rh2 52. Nh3 a4 53. Bxa4 Rxa2 54. Bb5 Ra3+ 55. Kf4 Ra2 56. Ng5 Rf2+ 57. Nf3 Rf1 58. Ke3 Ra1 59. Nd4 Ke5 60. Nf3+ Kf6 61. Ng5 Ra3+ 62. Kf4 Ra1 63. Bd7 Rc1 64. Be6 Rf1+ 65. Ke3 Re1+ 66. Kf4 Rf1+ 67. Ke3 Re1+ 68. Kf4 Rf1+ 69. Ke3 Re1+ 70. Kf4 Rf1+ 1/2-1/2

[Event "Botvinnik Cup 2018"]
[Site "Moscow"]
[Date "2018.08.10"]
[Round "2"]
[White "Egin, Vladimir"]
[Black "Mailebayev, Sanzhar"]
[Result "1-0"]
[ECO "C47"]
[WhiteElo "2317"]
[BlackElo "1820"]
[Annotator "NA"]
[PlyCount "111"]
[EventDate "2018.08.10"]
[EventCountry "RUS"]
[SourceTitle "playchess.com"]
[Source "ChessBase"]
[SourceQuality "1"]
[TimeControl "5400+30"]

1. e4 e5 2. Nf3 Nc6 3. Nc3 Nf6 4. d4 exd4 5. Nxd4 Bb4 6. Nxc6 bxc6 7. Bd3 O-O 8. O-O Re8 9. Bg5 h6 10. Bh4 Be7 11. e5 Nh7 12. Bxe7 Qxe7 13. f4 d6 14. Qh5 dxe5 15. fxe5 Be6 16. Ne4 Ng5 17. Rae1 Rad8 18. Kh1 Nxe4 19. Bxe4 Bd5 20. h4 Bxe4 21. Rxe4 Rd5 22. c4 Rxe5 23. Rxe5 Qxe5 24. Qxf7+ Kh8 25. b3 a6 26. Qg6 c5 27. g3 a5 28. Kg2 Rd8 29. Kh3 Qe2 30. Rf7 Qe5 31. Qf5 Qd6 32. Qg4 Qe5 33. Qg6 Re8 34. Qf5 Qd6 35. Qd7 Qxd7+ 36. Rxd7 Re2 37. Rxc7 Rxa2 38. Rxc5 a4 39. bxa4 Rxa4 40. h5 Kg8 41. Kg4 Ra3 42. Rc7 Rc3 43. Kf4 Kf8 44. g4 Rc1 45. c5 Kg8 46. Kf5 Rf1+ 47. Ke6 Rf4 48. Rc8+ Kh7 49. c6 Rxg4 50. c7 Rc4 51. Kd6 Rc1 52. Rf8 Rd1+ 53. Ke5 Re1+ 54. Kd4 Rc1 55. c8=Q Rc7 56. Rh8# 1-0

[Event "Botvinnik Cup 2018"]
[Site "Moscow"]
[Date "2018.08.10"]
[Round "2"]
[White "Qalichava, Akaki"]
[Black "Sevdimaliyev, Urfan"]
[Result "1/2-1/2"]
[ECO "B35"]
[WhiteElo "1874"]
[BlackElo "2388"]
[Annotator "NA"]
[PlyCount "110"]
[EventDate "2018.08.10"]
[EventCountry "RUS"]
[SourceTitle "playchess.com"]
[Source "ChessBase"]
[SourceQuality "1"]
[TimeControl "5400+30"]

1. e4 c5 2. Nf3 Nc6 3. d4 cxd4 4. Nxd4 g6 5. Nc3 Bg7 6. Be3 Nf6 7. Bc4 Qa5 8. f3 O-O 9. Qd2 Qb4 10. Bb3 Nxd4 11. Qxd4 Qxd4 12. Bxd4 d6 13. O-O-O Bd7 14. Rhe1 Bc6 15. Nd5 Bxd5 16. exd5 Rfe8 17. Ba4 Reb8 18. Rxe7 Nxd5 19. Ree1 Bh6+ 20. Kb1 Nf4 21. g3 Ne6 22. Bf6 Nc5 23. Bb5 Bf8 24. b4 Ne6 25. Bd7 Nd8 26. b5 a6 27. a4 axb5 28. axb5 b6 29. h4 Ra7 30. Bh3 Nb7 31. h5 Rba8 32. f4 Bg7 33. Bxg7 Kxg7 34. Bg2 Ra1+ 35. Kb2 R8a2+ 36. Kc3 Ra3+ 37. Kd4 Rxd1+ 38. Rxd1 Nc5 39. c3 Na4 40. Rc1 gxh5 41. Bf3 h4 42. gxh4 Kf6 43. Be4 h6 44. Kc4 Nc5 45. Bc2 d5+ 46. Kxd5 Rxc3 47. Kd4 Rf3 48. f5 Rxf5 49. Bxf5 Nb3+ 50. Kc3 Nxc1 51. Bg4 Ke5 52. Kc2 Na2 53. Kb3 Nc1+ 54. Kc2 Na2 55. Kb3 Nc1+ 1/2-1/2

[Event "Botvinnik Cup 2018"]
[Site "Moscow"]
[Date "2018.08.10"]
[Round "2"]
[White "Nurmanova, Alua"]
[Black "Egin, Vladimir"]
[Result "0-1"]
[ECO "C24"]
[WhiteElo "1825"]
[BlackElo "2317"]
[Annotator "NA"]
[PlyCount "44"]
[EventDate "2018.08.10"]
[EventCountry "RUS"]
[SourceTitle "playchess.com"]
[Source "ChessBase"]
[SourceQuality "1"]
[TimeControl "5400+30"]

1. e4 e5 2. f4 exf4 3. Bc4 Nf6 4. Nc3 c6 5. Qe2 Bb4 6. e5 O-O 7. d4 d5 8. Bd3 Ne4 9. Bxe4 dxe4 10. Qxe4 f6 11. Nf3 fxe5 12. O-O exd4 13. Ne2 Bc5 14. Qd3 Na6 15. Bxf4 Qd5 16. Nfxd4 Bf5 17. Qd2 Bxc2 18. Kh1 Be4 19. Rf2 g5 20. Be3 Rxf2 21. Bxf2 Bxg2+ 22. Kg1 Bh3 0-1

[Event "Botvinnik Cup 2018"]
[Site "Moscow"]
[Date "2018.08.10"]
[Round "2"]
[White "Zeliantsova, Kseniya"]
[Black "Vaganian, Rafael A"]
[Result "1/2-1/2"]
[ECO "C16"]
[WhiteElo "1804"]
[BlackElo "2546"]
[Annotator "ChessBase"]
[PlyCount "117"]
[EventDate "2018.08.10"]
[EventCountry "RUS"]
[SourceTitle "playchess.com"]
[Source "ChessBase"]
[SourceQuality "1"]
[TimeControl "5400+30"]

1. e4 e6 2. d4 d5 3. Nc3 Bb4 4. e5 b6 5. f4 Qd7 6. Nf3 Ne7 7. Bd3 Ba6 8. a3 Bxc3+ 9. bxc3 Bxd3 10. Qxd3 Nbc6 11. O-O Na5 12. Nh4 Nf5 13. Nxf5 exf5 14. Qg3 O-O 15. Qf3 Rac8 16. h3 c5 17. Be3 Nc4 18. Bc1 cxd4 19. cxd4 Rc6 20. Rf2 Rfc8 21. g4 h6 22. Ra2 Na5 23. Kh2 Rc3 24. Qg2 Nc6 25. Bd2 Rc4 26. c3 Ne7 27. g5 h5 28. Re2 g6 29. Ra1 Nc6 30. Rae1 Nd8 31. Qf3 Ne6 32. Rb1 b5 33. Be1 a5 34. Reb2 Rb8 35. Qe3 Kh7 36. Bd2 Rb6 37. Rb3 Qc6 38. Qd3 Nc7 39. Be1 Ra4 40. Bd2 Qc4 41. Qf1 Qxf1 42. Rxf1 Kg8 43. Kg2 Kf8 44. Kf2 Ke7 45. Ke3 Kd7 46. Kd3 Kc6 47. h4 Rc4 48. Rfb1 Ne6 49. Be3 Nc7 50. Bd2 Kb7 51. Be1 Ka6 52. Bd2 Ne6 53. Be3 Nd8 54. Bd2 Nc6 55. Ra1 a4 56. Rb2 Na5 57. Rab1 Rc8 58. Be1 Nc4 59. Ra2 1/2-1/2

[Event "Botvinnik Cup 2018"]
[Site "Moscow"]
[Date "2018.08.10"]
[Round "2"]
[White "Balabayeva, Xeniya"]
[Black "Egin, Vladimir"]
[Result "1/2-1/2"]
[ECO "C44"]
[WhiteElo "1788"]
[BlackElo "2317"]
[Annotator "NA"]
[PlyCount "48"]
[EventDate "2018.08.10"]
[EventCountry "RUS"]
[SourceTitle "playchess.com"]
[Source "ChessBase"]
[SourceQuality "1"]
[TimeControl "5400+30"]

1. e4 e5 2. Nf3 Nc6 3. d4 exd4 4. Bc4 Bc5 5. Ng5 Nh6 6. Nxf7 Nxf7 7. Bxf7+ Kxf7 8. Qh5+ g6 9. Qxc5 d5 10. Qxd5+ Qxd5 11. exd5 Nb4 12. Na3 Bf5 13. Bf4 Rhe8+ 14. Kd2 Nxd5 15. Bg3 Re7 16. Rhe1 Rae8 17. Rxe7+ Rxe7 18. Nb5 Rd7 19. Na3 Nb4 20. Nc4 Nc6 21. Re1 Be6 22. Ne5+ Nxe5 23. Bxe5 c5 24. b3 b6 1/2-1/2

[Event "Botvinnik Cup 2018"]
[Site "Moscow"]
[Date "2018.08.10"]
[Round "2"]
[White "Tsotsonava, Elene"]
[Black "Sevdimaliyev, Urfan"]
[Result "1/2-1/2"]
[ECO "C07"]
[WhiteElo "1701"]
[BlackElo "2388"]
[Annotator "NA"]
[PlyCount "113"]
[EventDate "2018.08.10"]
[EventCountry "RUS"]
[SourceTitle "playchess.com"]
[Source "ChessBase"]
[SourceQuality "1"]
[TimeControl "5400+30"]

1. e4 e6 2. d4 d5 3. Nd2 c5 4. exd5 Qxd5 5. Ngf3 cxd4 6. Bc4 Qd7 7. O-O Nc6 8. Nb3 Nf6 9. Nbxd4 Nxd4 10. Nxd4 a6 11. a4 Qc7 12. Qe2 Bd6 13. h3 O-O 14. Bg5 Nd7 15. Rad1 Ne5 16. Bb3 Ng6 17. Rfe1 h6 18. Be3 b6 19. Qc4 Bb7 20. Nxe6 Bh2+ 21. Kh1 fxe6 22. Bxb6 Qxc4 23. Bxc4 Be5 24. Bd3 Rf6 25. Bxg6 Rxg6 26. Rxe5 Rxg2 27. Rc5 Rxf2+ 28. Kg1 Rg2+ 29. Kf1 Rf8+ 30. Ke1 Rf4 31. Rc7 Bd5 32. Rd2 Rg3 33. Bd4 Re4+ 34. Kd1 Rf4 35. c4 Bf3+ 36. Kc1 Be4 37. Be5 Rf1+ 38. Rd1 Rxd1+ 39. Kxd1 Rxh3 40. Rxg7+ Kf8 41. Ra7 Rd3+ 42. Ke2 Rb3 43. Rxa6 Bd3+ 44. Kd2 Bxc4 45. Ra7 Bd5 46. Kc2 h5 47. Bc3 Ke8 48. Rh7 Be4+ 49. Kxb3 Bxh7 50. Kc4 Bc2 51. a5 Kd7 52. b4 Ba4 53. Kc5 Kc7 54. a6 Kb8 55. Kb6 Ka8 56. b5 Bxb5 57. Kxb5 1/2-1/2

[Event "Botvinnik Cup 2018"]
[Site "Moscow"]
[Date "2018.08.11"]
[Round "3"]
[White "Paichadze, Luka"]
[Black "Mailebayev, Sanzhar"]
[Result "1-0"]
[ECO "C26"]
[WhiteElo "2564"]
[BlackElo "1820"]
[Annotator "ChessBase"]
[PlyCount "77"]
[EventDate "2018.08.10"]
[EventCountry "RUS"]
[SourceTitle "playchess.com"]
[Source "ChessBase"]
[SourceQuality "1"]
[TimeControl "5400+30"]

1. e4 e5 2. Nc3 Nf6 3. g3 Nc6 4. Bg2 Bc5 5. Nf3 d6 6. O-O O-O 7. d3 a6 8. Be3 Ba7 9. Bxa7 Rxa7 10. h3 d5 11. exd5 Nxd5 12. Re1 Nxc3 13. bxc3 Re8 14. Nd2 Be6 15. c4 f6 16. Nb3 Qd6 17. Qd2 b6 18. Qc3 Qd7 19. Kh2 Ne7 20. d4 exd4 21. Nxd4 Bf7 22. Rad1 c5 23. Nc6 Qc7 24. Nxa7 Qxa7 25. Rd6 b5 26. Qa5 Bxc4 27. Rxa6 Qd7 28. Ra7 Qd6 29. Qc7 Qxc7 30. Rxc7 Kf8 31. a3 Nf5 32. Rxe8+ Kxe8 33. Rxc5 Nd4 34. a4 Be2 35. axb5 Nxb5 36. Bc6+ Kf8 37. Bxb5 Bxb5 38. Rxb5 Kg8 39. Rb7 1-0

[Event "Botvinnik Cup 2018"]
[Site "Moscow"]
[Date "2018.08.11"]
[Round "3"]
[White "Vaganian, Rafael A"]
[Black "Babazada, Khazar"]
[Result "1/2-1/2"]
[ECO "A45"]
[WhiteElo "2546"]
[BlackElo "2229"]
[Annotator "ChessBase"]
[PlyCount "68"]
[EventDate "2018.08.10"]
[EventCountry "RUS"]
[SourceTitle "playchess.com"]
[Source "ChessBase"]
[SourceQuality "1"]
[TimeControl "5400+30"]

1. d4 Nf6 2. Bg5 d5 3. e3 Nbd7 4. Nf3 e6 5. Bd3 Be7 6. Nbd2 O-O 7. O-O b6 8. a4 c5 9. c3 Bb7 10. Ne5 Nxe5 11. dxe5 Ne4 12. Bxe7 Qxe7 13. f4 Nxd2 14. Qxd2 f5 15. a5 Rfd8 16. Be2 Bc6 17. Bf3 g5 18. h3 Kh8 19. c4 dxc4 20. Qe2 Bxf3 21. Qxf3 b5 22. Rad1 gxf4 23. Qxf4 Rd3 24. e4 Rad8 25. Rxd3 cxd3 26. exf5 exf5 27. Qxf5 d2 28. Rd1 c4 29. e6 Qg7 30. Qf4 Qd4+ 31. Qxd4+ Rxd4 32. e7 Re4 33. Rxd2 Rxe7 34. a6 Re1+ 1/2-1/2

[Event "Botvinnik Cup 2018"]
[Site "Moscow"]
[Date "2018.08.11"]
[Round "3"]
[White "Sevdimaliyev, Urfan"]
[Black "Grigoryan, Aram"]
[Result "1/2-1/2"]
[ECO "C00"]
[WhiteElo "2388"]
[BlackElo "1805"]
[Annotator "NA"]
[PlyCount "45"]
[EventDate "2018.08.10"]
[EventCountry "RUS"]
[SourceTitle "playchess.com"]
[Source "ChessBase"]
[SourceQuality "1"]
[TimeControl "5400+30"]

1. e4 e6 2. d4 d5 3. Bd3 dxe4 4. Bxe4 Nf6 5. Bf3 Be7 6. Ne2 O-O 7. O-O c5 8. c4 Nc6 9. Be3 cxd4 10. Nxd4 Nxd4 11. Qxd4 Qa5 12. Qc3 Qc7 13. Qb3 Bc5 14. Bxc5 Qxc5 15. Nc3 Bd7 16. Ne4 Nxe4 17. Bxe4 Bc6 18. Bxc6 bxc6 19. Qc3 Rab8 20. Rab1 a5 21. b3 Qa3 22. Qb2 Qc5 23. Qc3 1/2-1/2

[Event "Botvinnik Cup 2018"]
[Site "Moscow"]
[Date "2018.08.11"]
[Round "3"]
[White "Sevdimaliyev, Urfan"]
[Black "Melkonyan, Arshak"]
[Result "1-0"]
[ECO "D02"]
[WhiteElo "2388"]
[BlackElo "2051"]
[Annotator "NA"]
[PlyCount "111"]
[EventDate "2018.08.10"]
[EventCountry "RUS"]
[SourceTitle "playchess.com"]
[Source "ChessBase"]
[SourceQuality "1"]
[TimeControl "5400+30"]

1. d4 d5 2. Nf3 c6 3. Bf4 Bf5 4. e3 e6 5. c4 Nd7 6. Nc3 Ngf6 7. Qb3 Qb6 8. c5 Qxb3 9. axb3 a6 10. h3 h6 11. b4 Rc8 12. Nd2 Be7 13. Nb3 Bd8 14. Na5 Bxa5 15. bxa5 O-O 16. Bd6 Rfe8 17. f4 Ne4 18. Nxe4 Bxe4 19. Ra3 Ra8 20. Rb3 Ra7 21. Rg1 Nf6 22. Be5 Rd8 23. Bxf6 gxf6 24. g4 Kh7 25. Be2 Rd7 26. Kd2 Ra8 27. h4 Rg8 28. Rb6 e5 29. Rb3 exd4 30. exd4 Re7 31. Rgg3 f5 32. g5 Rg6 33. Rb6 hxg5 34. hxg5 Rge6 35. Rgb3 Bc2 36. Kxc2 Rxe2+ 37. Kb1 Re1+ 38. Ka2 R1e4 39. Rxb7 Rxb7 40. Rxb7 Rxd4 41. Rxf7+ Kg8 42. Rxf5 Ra4+ 43. Kb3 Rxa5 44. Kb4 Rb5+ 45. Kc3 Rxc5+ 46. Kd4 Rb5 47. Rf6 Rb4+ 48. Ke5 Re4+ 49. Kf5 Rc4 50. Kg6 d4 51. f5 Rc5 52. Rd6 Rd5 53. Rxd5 cxd5 54. f6 d3 55. f7+ Kf8 56. Kf6 {[%emt 0:00:01] Ke8} 1-0

[Event "Botvinnik Cup 2018"]
[Site "Moscow"]
[Date "2018.08.11"]
[Round "3"]
[White "Komliakov, Viktor"]
[Black "Omonova, Umida"]
[Result "1/2-1/2"]
[ECO "B27"]
[WhiteElo "2366"]
[BlackElo "1762"]
[Annotator "NA"]
[PlyCount "50"]
[EventDate "2018.08.10"]
[EventCountry "RUS"]
[SourceTitle "playchess.com"]
[Source "ChessBase"]
[SourceQuality "1"]
[TimeControl "5400+30"]

1. e4 c5 2. Nf3 g6 3. d4 cxd4 4. Qxd4 Nf6 5. Bb5 Nc6 6. Bxc6 dxc6 7. Qxd8+ Kxd8 8. Nc3 Bg7 9. h3 b5 10. a3 Bb7 11. Bf4 Nd7 12. O-O-O Bxc3 13. bxc3 Ke8 14. Be3 c5 15. Nd2 Rc8 16. f3 c4 17. h4 h5 18. Nf1 Bc6 19. Ng3 f6 20. Rd2 a6 21. Ne2 Kf7 22. Rhd1 Nf8 23. Nf4 Ne6 24. Nxe6 Kxe6 25. Bf4 Rhg8 1/2-1/2

[Event "Botvinnik Cup 2018"]
[Site "Moscow"]
[Date "2018.08.11"]
[Round "3"]
[White "Komliakov, Viktor"]
[Black "Sunnatov, Mirfayz"]
[Result "1-0"]
[ECO "B40"]
[WhiteElo "2366"]
[BlackElo "1868"]
[Annotator "NA"]
[PlyCount "91"]
[EventDate "2018.08.10"]
[EventCountry "RUS"]
[SourceTitle "playchess.com"]
[Source "ChessBase"]
[SourceQuality "1"]
[TimeControl "5400+30"]

1. e4 c5 2. Nf3 e6 3. d3 Nc6 4. g3 g6 5. Bg2 Bg7 6. O-O d6 7. c3 e5 8. a3 a5 9. Be3 Qb6 10. Nbd2 Nf6 11. h3 a4 12. d4 Qb5 13. Re1 O-O 14. Rb1 Rd8 15. Bf1 Qa5 16. d5 Ne7 17. c4 h6 18. Nh2 Nd7 19. h4 f5 20. h5 g5 21. exf5 Nxf5 22. Ng4 Nxe3 23. Nxe3 Nf6 24. Bd3 Rf8 25. Ne4 Nxe4 26. Bxe4 Bd7 27. Qc2 Rf6 28. Bf5 Bxf5 29. Nxf5 Raf8 30. g4 b5 31. cxb5 Qxb5 32. Re4 Qb7 33. Rxa4 Rxf5 34. gxf5 Qxd5 35. Qc4 Qxc4 36. Rxc4 Rxf5 37. b4 cxb4 38. axb4 d5 39. Rc8+ Kh7 40. b5 e4 41. b6 Bd4 42. b7 Rxf2 43. Kh1 Be5 44. b8=Q Rh2+ 45. Kg1 Bxb8 46. Rb7+ 1-0

[Event "Botvinnik Cup 2018"]
[Site "Moscow"]
[Date "2018.08.11"]
[Round "3"]
[White "Egin, Vladimir"]
[Black "Ceres, Dragos"]
[Result "1-0"]
[ECO "C03"]
[WhiteElo "2317"]
[BlackElo "2211"]
[Annotator "NA"]
[PlyCount "91"]
[EventDate "2018.08.10"]
[EventCountry "RUS"]
[SourceTitle "playchess.com"]
[Source "ChessBase"]
[SourceQuality "1"]
[TimeControl "5400+30"]

1. e4 e6 2. d4 d5 3. Nd2 Be7 4. Bd3 Nf6 5. e5 Nfd7 6. Ne2 c5 7. c3 Qb6 8. O-O Nc6 9. Nf3 h6 10. a3 a5 11. Be3 g5 12. dxc5 Qc7 13. Qa4 Nxc5 14. Bxc5 Bxc5 15. Ned4 Bd7 16. Nb5 Qb6 17. Qg4 O-O-O 18. b4 Be7 19. bxa5 Qxa5 20. Qg3 Rdg8 21. Rfb1 h5 22. Nfd4 Nxd4 23. cxd4 Bc6 24. Nd6+ Bxd6 25. exd6 Kd7 26. a4 f6 27. Bb5 Rc8 28. Bxc6+ Kxc6 29. Rb5 Qd2 30. Rab1 Qxd4 31. Rc1+ Kd7 32. Rxb7+ Kd8 33. Rxc8+ Kxc8 34. Rc7+ Kd8 35. h3 Qb4 36. Rf7 Qb2 37. Qe3 d4 38. Qe4 Qc1+ 39. Kh2 Qf4+ 40. Qxf4 gxf4 41. a5 Kc8 42. a6 Kb8 43. Rb7+ Ka8 44. d7 Rd8 45. Rc7 Kb8 46. Rc8+ 1-0

[Event "Botvinnik Cup 2018"]
[Site "Moscow"]
[Date "2018.08.11"]
[Round "3"]
[White "Egin, Vladimir"]
[Black "Keller, Rostislav"]
[Result "1/2-1/2"]
[ECO "B51"]
[WhiteElo "2317"]
[BlackElo "1735"]
[Annotator "NA"]
[PlyCount "59"]
[EventDate "2018.08.10"]
[EventCountry "RUS"]
[SourceTitle "playchess.com"]
[Source "ChessBase"]
[SourceQuality "1"]
[TimeControl "5400+30"]

1. e4 c5 2. Nf3 d6 3. Bb5+ Nd7 4. a4 a6 5. Bc4 Ngf6 6. Nc3 b6 7. O-O e6 8. d4 cxd4 9. Qxd4 Be7 10. b3 O-O 11. Bb2 Qc7 12. Ne2 Bb7 13. Ng3 Rfe8 14. Rfe1 Rac8 15. Rad1 Bf8 16. h3 d5 17. exd5 Bc5 18. Qh4 Bxd5 19. Bxd5 exd5 20. Nf5 Ne4 21. Rxe4 Rxe4 22. Qg5 g6 23. Nh6+ Kf8 24. Qxd5 Re7 25. b4 Bxb4 26. Qd4 Bc3 27. Bxc3 Qxc3 28. Qh4 Qf6 29. Ng5 Qg7 30. Nhxf7 1/2-1/2

[Event "Botvinnik Cup 2018"]
[Site "Moscow"]
[Date "2018.08.11"]
[Round "3"]
[White "Lazavik, Denis"]
[Black "Korotylev, Alexey"]
[Result "1-0"]
[ECO "E12"]
[WhiteElo "2235"]
[BlackElo "2573"]
[Annotator "ChessBase"]
[PlyCount "93"]
[EventDate "2018.08.10"]
[EventCountry "RUS"]
[SourceTitle "playchess.com"]
[Source "ChessBase"]
[SourceQuality "1"]
[TimeControl "5400+30"]

1. d4 Nf6 2. c4 e6 3. Nf3 b6 4. a3 Bb7 5. Nc3 g6 6. d5 Bg7 7. e4 O-O 8. Be2 Re8 9. O-O exd5 10. exd5 Na6 11. Be3 Nc5 12. Bd4 c6 13. dxc6 Bxc6 14. Qc2 Rc8 15. Rad1 Qe7 16. h3 h6 17. Be3 Nfe4 18. Nd5 Qf8 19. Bd4 Ba4 20. Qb1 Bxd1 21. Rxd1 Bxd4 22. Nxd4 Qg7 23. b4 Nb7 24. Qd3 Nbd6 25. Ne3 a5 26. Bf3 axb4 27. axb4 Ra8 28. Ndc2 Rac8 29. Nd4 h5 30. Nb3 Qb2 31. Nd2 Qe5 32. Nxe4 Nxe4 33. Nd5 Re6 34. Bxe4 Kg7 35. Bf3 Rd6 36. Qd4 Qxd4 37. Rxd4 Ra8 38. Re4 Ra1+ 39. Kh2 Rc1 40. b5 Rc2 41. Kg3 Kf8 42. Ne3 Ra2 43. Re5 Rdd2 44. Rd5 Rxf2 45. Rxd7 f5 46. Kf4 Ra3 47. Nd5 1-0

[Event "Botvinnik Cup 2018"]
[Site "Moscow"]
[Date "2018.08.11"]
[Round "3"]
[White "Galkin, Gleb"]
[Black "Korotylev, Alexey"]
[Result "1-0"]
[ECO "A43"]
[WhiteElo "2134"]
[BlackElo "2573"]
[Annotator "ChessBase"]
[PlyCount "103"]
[EventDate "2018.08.10"]
[EventCountry "RUS"]
[SourceTitle "playchess.com"]
[Source "ChessBase"]
[SourceQuality "1"]
[TimeControl "5400+30"]

1. d4 Nf6 2. Nf3 c5 3. d5 b5 4. e3 Bb7 5. c4 g6 6. Nc3 b4 7. Ne2 Bg7 8. Ng3 O-O 9. e4 e6 10. Be2 d6 11. O-O exd5 12. exd5 Nbd7 13. Bf4 Qc7 14. Qd2 Rfe8 15. Bd3 Ng4 16. Ne4 Nde5 17. Nxe5 dxe5 18. Be3 Nxe3 19. Qxe3 Rac8 20. Rad1 Red8 21. Bc2 f5 22. Ng5 Bh6 23. Qg3 Bxg5 24. Qxg5 Kh8 25. Qf6+ Qg7 26. Qxg7+ Kxg7 27. Rfe1 Kf6 28. f4 e4 29. g4 Ke7 30. gxf5 gxf5 31. Kf2 Kd6 32. Rg1 Rg8 33. Rg3 Rg6 34. Rxg6+ hxg6 35. Rg1 Rg8 36. h4 Ke7 37. h5 Kf7 38. Ba4 Rh8 39. hxg6+ Kg7 40. d6 Rh2+ 41. Kg3 Rd2 42. d7 e3 43. Rd1 e2 44. Re1 Kxg6 45. Rxe2 Rd3+ 46. Kf2 Be4 47. Re3 Rd2+ 48. Ke1 Rd4 49. Rh3 Kg7 50. Rh2 Bd3 51. Rd2 Kf6 52. Bc2 1-0

[Event "Botvinnik Cup 2018"]
[Site "Moscow"]
[Date "2018.08.11"]
[Round "3"]
[White "Rakhmatullaev, Almas"]
[Black "Komliakov, Viktor"]
[Result "1/2-1/2"]
[ECO "A41"]
[WhiteElo "1896"]
[BlackElo "2366"]
[Annotator "NA"]
[PlyCount "71"]
[EventDate "2018.08.10"]
[EventCountry "RUS"]
[SourceTitle "playchess.com"]
[Source "ChessBase"]
[SourceQuality "1"]
[TimeControl "5400+30"]

1. d4 d6 2. c4 e5 3. dxe5 dxe5 4. Qxd8+ Kxd8 5. Nc3 Be6 6. b3 Nc6 7. Bb2 Nf6 8. e3 a5 9. h3 Nd7 10. O-O-O Kc8 11. Na4 Nc5 12. Nxc5 Bxc5 13. Nf3 f6 14. a3 Nd8 15. Nd2 Be7 16. Bd3 Nf7 17. f4 c6 18. f5 Bd7 19. g4 Kc7 20. Ne4 b6 21. Kb1 Rad8 22. c5 Bxc5 23. Nxc5 bxc5 24. Rc1 Kb6 25. a4 Nd6 26. Ba3 Nb7 27. Rcd1 Bc8 28. Kc2 Nd6 29. Rd2 Rd7 30. Bc4 Nxc4 31. bxc4 Rxd2+ 32. Kxd2 h5 33. Rb1+ Kc7 34. Bxc5 hxg4 35. hxg4 Rh2+ 36. Kc3 1/2-1/2